 Dungeon Crawl Stone Soup version 0.30.1-9-gdf580d7c3d (webtiles) character file.

Game seed: 18354386213605282956

66 monsoonserge the Slasher (level 4, 0/34 HPs)
             Began as a Merfolk Gladiator on Oct 2, 2023.
             Slain by an orc priest
             ... wielding a +0 mace
              (5 damage)
             ... on level 3 of the Dungeon.
             The game lasted 00:04:51 (1492 turns).

monsoonserge the Slasher (Merfolk Gladiator)        Turns: 1492, Time: 00:04:52

Health: 0/34       AC:  7    Str: 14    XL:     4   Next: 15%
Magic:  4/4        EV: 11    Int:  7    God:
Gold:   138        SH:  0    Dex: 17    Spells: 3/3 levels left

rFire   . . .        a - +0 long sword
rCold   . . .        (no shield)
rNeg    . . .        u - +0 scale mail
rPois   +            c - +0 helmet
rElec   .            (no cloak)
rCorr   .            (no gloves)
SInv    .            (no boots)
Will    +....        j - amulet of the acrobat Stlth
                     k - ring of willpower
HPRegen 0.25/turn    l - ring of poison resistance
MPRegen 0.09/turn

%: acrobat
@: no status effects
A: (nimble swimmer 2), mertail
a: no special abilities


You were on level 3 of the Dungeon.
You visited 1 branch of the dungeon, and saw 3 of its levels.

You collected 138 gold pieces.

Inventory:

Hand Weapons
 a - a +0 long sword (weapon)
Missiles
 d - 3 throwing nets (quivered)
 e - a javelin
 p - 3 poisoned darts
 v - 4 atropa-tipped darts
Armour
 b - a +0 leather armour
 c - a +0 helmet (worn)
 r - a +0 plate armour
 u - a +0 scale mail (worn)
Jewellery
 j - an amulet of the acrobat (around neck)
 k - a ring of willpower (left hand)
 l - a ring of poison resistance (right hand)
 m - a ring of protection from fire
Scrolls
 f - 3 scrolls of teleportation {unknown}
 h - a scroll of enchant armour {unknown}
 n - a scroll of blinking {unknown}
 q - 2 scrolls of identify {unknown}
Potions
 g - a potion of curing
 i - a potion of ambrosia {unknown}
 o - a potion of degeneration {unknown}
 s - a potion of brilliance {unknown}
 t - a potion of berserk rage {unknown}


   Skills:
 + Level 2.8 Fighting
 + Level 5.1 Long Blades
 + Level 2.2 Throwing
 + Level 0.6 Armour
 - Level 4.0 Dodging
 + Level 0.1 Stealth


You had 3 spell levels left.
You didn't know any spells.
Your spell library was empty.

Dungeon Overview and Level Annotations

Branches:
Dungeon (3/15)

Altars:
Xom

Shops:
D:2 =


Innate Abilities, Weirdness & Mutations

((You are very nimble when in or above water. (Stealth+, EV+, Speed+++)))
Your lower body shifts to a powerful aquatic tail in water.


Message History

The phantom is heavily damaged.
The phantom closely misses you.
You hit the phantom but do no damage.
The phantom is heavily damaged.
The phantom hits you.
The phantom blinks!
You blink.
Found 18 gold pieces.
You closely miss the phantom.
The phantom is heavily damaged.
The phantom hits you.
The orc priest looks satisfied for a moment.
The orc priest invokes the aid of Beogh against you.
Beogh smites you!
It was a potion of curing.
You feel better.
The phantom hits you but does no damage.
You barely miss the orc priest. The orc priest closely misses you.
The phantom hits you but does no damage.
You closely miss the orc priest. The phantom closely misses you.
The orc priest hits you with a +0 mace. The orc hits you but does no damage.
You closely miss the orc priest. The orc priest barely misses you.
The orc hits you but does no damage. The phantom misses you. x2
The orc priest casts a cantrip, but nothing happens.
The orc misses you.
You hit the orc priest.
The orc priest is lightly wounded.
The phantom hits you but does no damage.
The orc hits you with a +0 mace.
You slash the orc priest!
The orc priest is severely wounded.
The orc priest casts a cantrip, but nothing happens.
The phantom hits you.
* * * LOW HITPOINT WARNING * * *
The orc hits you with a +0 mace.
* * * LOW HITPOINT WARNING * * *
The orc priest hits you with a +0 mace.
* * * LOW HITPOINT WARNING * * *
You hit the orc priest.
The orc priest is severely wounded.
The orc closely misses you.
The phantom hits you but does no damage.
The orc priest hits you with a +0 mace.
You die...

.....#.##
........#
.........
........##
#.......
#.#....#####..
#.#..........#
#.'..o@W.#
#.###.ooo#.#
#........# $.
####....# ##
#....#
#############.####
............).#
.......########
.......#


You could see a phantom, 2 orc priests and 2 orcs.

Vanquished Creatures
  2 adders
  2 worms (D:2)
  A dart slug (D:2)
  2 endoplasms
  3 giant cockroaches
  6 hobgoblins
  6 kobolds
  3 ball pythons
  2 bats
  6 frilled lizards
  6 goblins
  3 rats
42 creatures vanquished.

Notes
Turn   | Place    | Note
-------+----------+-------------------------------------------
     0 | D:1      | monsoonserge the Merfolk Gladiator began the quest for the
                  | Orb.
     0 | D:1      | Reached XP level 1. HP: 16/16 MP: 1/1
   199 | D:1      | Reached XP level 2. HP: 6/23 MP: 2/2
   204 | D:1      | Reached skill level 4 in Long Blades
   680 | D:2      | Reached XP level 3. HP: 28/28 MP: 3/3
   711 | D:2      | Found a shimmering altar of Xom.
  1267 | D:2      | Found Kikaef's Jewellery Emporium.
  1407 | D:3      | Reached skill level 5 in Long Blades
  1465 | D:3      | Noticed a phantom
  1474 | D:3      | Reached XP level 4. HP: 34/34 MP: 4/4
  1492 | D:3      | Slain by an orc priest

Illustrated notes

Levels and vault maps discovered:
D:1:      dreamdust_arrival_sigmund_warning, layout_basic, minivault_27
D:2:      layout_basic, basic_altar, serial_shops, nicolae_shop_waterfront,
          kennysheep_generic_room_13
D:3:      layout_basic

Skill      XL: |  1  2  3 |
---------------+----------+-----
Long Blades    | 4 5 |  5.1
Fighting       | |  2.8
Throwing       | |  2.2
Armour         | |  0.6
Dodging        | |  4.0
Stealth        | |  0.1

Action                     |  1- 3 |  4- 6 || total
---------------------------+-------+-------++-------
  Melee: Long sword        |   111 |    18 ||   129
         Punch             |     1 |       ||     1
    Use: Potion            |       |     1 ||     1
 Armour: Leather armour    |    18 |       ||    18
         Scale mail        |     7 |     9 ||    16
  Dodge: Dodged            |    84 |    12 ||    96
